[Event "4th Tata Steel India Rapid Women 2022"]
[Site "Kolkota"]
[Date "2022.12.01"]
[Round "8.3"]
[White "Muzychuk, Mariya"]
[Black "Harika, Dronavalli"]
[Result "1/2-1/2"]
[ECO "B21"]
[WhiteElo "2528"]
[BlackElo "2507"]
[Annotator "TA"]
[PlyCount "50"]
[EventDate "2022.11.29"]
[EventType "tourn"]
[EventCountry "IND"]
[SourceTitle "playchess.com"]
[Source "ChessBase"]
[SourceQuality "1"]
[TimeControl "900+10"]

1. e4 c5 2. c3 e5 3. d4 cxd4 4. cxd4 exd4 5. Qxd4 Nc6 6. Qd1 Nf6 {[%emt 0:00:15] B21: Sicilian: 2 f4 and Morra Gambit.} 7. Nc3 Bb4 8. Bd3 d5 {[%emt 0:02:46] Black is slightly better.} 9. exd5 Qxd5 {[%emt 0:01:30] [#] Threatens to win with ...Bg4.} 10. Nf3 $1 Ne5 11. Nxe5 ({Much worse is} 11. Qe2 Bxc3+ 12. bxc3 Qxd3 $17) 11... Qxe5+ 12. Qe2 Qxe2+ 13. Kxe2 O-O {[%emt 0:00:51] [#]} 14. Be3 $146 ({Predecessor:} 14. Rd1 Be6 15. Bg5 Bxc3 16. bxc3 Nd5 17. Rac1 Rac8 18. Bd2 Rfe8 19. Kf1 a6 20. c4 Nb6 21. c5 {½-½ (38) Solinas,C (2060)-Colombo,S (1864) Pedavena 2006}) 14... Bxc3 15. bxc3 {[%emt 0:00:01] The position is equal.} Nd5 16. Bd4 Nf4+ 17. Kd2 $1 Nxd3 18. Kxd3 Bf5+ 19. Kd2 a6 20. Rhe1 Rfe8 21. f3 Bd7 22. Rxe8+ Rxe8 23. a4 f6 24. a5 Bb5 {[%emt 0:00:05] [#] ...Re2+ is the strong threat.} 25. Re1 {[%emt 0:00:11] Against Re2+} Rxe1 {[%emt 0:00:03] Weighted Error Value: White=0.02 (flawless) /Black=0.04 (flawless)} 1/2-1/2

[Event "4th Tata Steel India Rapid Women 2022"]
[Site "Kolkota"]
[Date "2022.12.01"]
[Round "8.4"]
[White "Savitha Shri B"]
[Black "Ushenina, Anna"]
[Result "0-1"]
[ECO "B28"]
[WhiteElo "2411"]
[BlackElo "2454"]
[Annotator "TA"]
[PlyCount "56"]
[EventDate "2022.11.29"]
[EventType "tourn"]
[EventCountry "IND"]
[SourceTitle "playchess.com"]
[Source "ChessBase"]
[SourceQuality "1"]
[TimeControl "900+10"]

1. e4 c5 2. Nf3 a6 3. c4 Nc6 4. Nc3 e5 5. d3 d6 6. Be2 {[%emt 0:01:45] B28: Sicilian: 2 Nf3 a6 (O'Kelly Variation).} Be7 7. O-O f5 8. Nd5 {[%emt 0:04:36] The position is equal.} Nf6 {[%emt 0:00:18] [#]} 9. exf5 $146 ({Predecessor:} 9. Nd2 f4 10. g3 fxg3 11. fxg3 O-O 12. Bf3 Nd4 13. Nxf6+ Bxf6 14. Bg2 Bg5 15. Rxf8+ Qxf8 {½-½ (23) Adamowicz,M (1790)-Pietroczuk,R (2034) Polanica Zdroj 2008}) 9... Bxf5 10. Nh4 (10. Nxf6+ {simplifies} Bxf6 11. Be3 O-O 12. Nd2) 10... Bd7 11. Bh5+ (11. Nf3 {simplifies} O-O 12. Nxf6+ Rxf6 13. Be3) 11... g6 12. Bxg6+ hxg6 $17 13. Nxg6 {[%emt 0:00:01] [#]} Kf7 $1 14. Nxh8+ (14. Ndxe7 Nxe7) 14... Qxh8 15. f4 (15. Qf3 $2 Nd4 16. Qd1 Nxd5 17. cxd5 Rg8 $19) (15. Nxe7 $17 Nxe7 16. Bg5) 15... e4 {[%emt 0:03:24] Threatens to win with ...Bg4.} 16. dxe4 {[%emt 0:02:01] [#]} (16. Nxf6 Bxf6 17. dxe4 Nd4 $17) (16. f5 $142 Nxd5 17. cxd5) 16... Rg8 (16... Bg4 $1 $17 17. Qd3 Nd4) 17. Nxe7 $2 (17. f5 $1 $11) 17... Kxe7 $40 {[%emt 0:00:12][%mdl 128] Black has strong attack.} (17... Nxe7 $19 {and Black stays clearly on top.} 18. f5 (18. Qxd6 $2 Bh3 $19) 18... Nxe4) 18. e5 Ng4 $2 {[%emt 0:00:02][%mdl 8192] Black has more active pieces. The white rooks are badly placed.} (18... dxe5 19. fxe5 Ne4 20. Qd5 $11) (18... Ne4 $17 {and life is bright. And now ...Nd4 would win.} 19. Qd5 Bh3 20. exd6+ (20. Qxe4 Bxg2 21. exd6+ Kxd6 $17) 20... Kd7 21. Qxe4 Bxg2 22. Qxg2 (22. Qf5+ $2 Kd8 $19) 22... Qd4+ 23. Rf2 Qd1+ 24. Rf1 Rxg2+ 25. Kxg2 Qg4+ 26. Kh1 Qe2) 19. Qxd6+ $18 Ke8 20. h3 (20. Qxc5 $2 Qxh2#) 20... Nd4 $2 (20... Bf5 $16 21. hxg4 Rxg4) 21. Re1 $4 {[%emt 0:00:28][%mdl 8192] [#]} (21. hxg4 $18 Ne2+ 22. Kf2) 21... Nf3+ $1 22. gxf3 (22. Kf1 Ngh2+) 22... Qxh3 23. Qb8+ Ke7 24. Qd6+ (24. Qxg8 $2 Qh2+ 25. Kf1 Qf2#) 24... Ke8 {[%emt 0:00:03][%cal Be7e8,Be8f7,Bf7f6][%mdl 32] Chess con chili.} 25. Qb8+ (25. fxg4 $2 Rxg4+ 26. Kf2 Rg2+ 27. Kf1 Qh1#) 25... Kf7 {[%emt 0:00:22] Black mates.} 26. e6+ Kf6 ({Stronger than} 26... Bxe6 27. Qc7+ (27. Qxb7+ $2 {is the wrong capture.} Kf8 $19) 27... Kf6 28. Rxe6+ (28. fxg4 $2 {is a self mate.} Rxg4+ 29. Kf2 Rg2+ 30. Kf1 Qh1#) 28... Kxe6 29. f5+ (29. fxg4 $2 Rxg4+ 30. Kf2 Rg2+ 31. Kf1 Qh1#) 29... Kxf5 30. Qd7+ (30. fxg4+ Rxg4+) 30... Kf6 31. Qd6+ (31. fxg4 $2 Rxg4+ $19) 31... Kg7 32. Bg5 $11 (32. fxg4 $2 Qxg4+ 33. Kf2 Rf8+ $19)) 27. f5 Rxb8 28. Bf4 Rg8 {[%emt 0:00:16] Weighted Error Value: White=0.40/Black=0.72} 0-1

[Event "4th Tata Steel India Rapid Women 2022"]
[Site "Kolkota"]
[Date "2022.12.01"]
[Round "8.5"]
[White "Koneru, Humpy"]
[Black "Vantika Agrawal"]
[Result "1/2-1/2"]
[ECO "E71"]
[WhiteElo "2574"]
[BlackElo "2362"]
[Annotator "TA"]
[PlyCount "84"]
[EventDate "2022.11.29"]
[EventType "tourn"]
[EventCountry "IND"]
[SourceTitle "playchess.com"]
[Source "ChessBase"]
[SourceQuality "1"]
[TimeControl "900+10"]

1. d4 Nf6 2. c4 g6 3. Nc3 Bg7 4. e4 d6 5. h3 O-O 6. Be3 Nc6 {[%emt 0:00:36] E71: King's Indian: 4 e4 d6 5 h3.} 7. d5 Ne5 8. Be2 (8. f4 $5 Ned7 9. g4 $11) 8... e6 {[%emt 0:00:36] White has an edge.} 9. Nf3 Nxf3+ 10. Bxf3 Nd7 11. O-O a5 12. Qc2 e5 {[%emt 0:05:41] [#]} 13. Be2 $146 ({Predecessor:} 13. Na4 b6 14. a3 f5 15. b4 axb4 16. axb4 Nf6 17. Nc3 Rxa1 18. Rxa1 f4 19. Bd2 {1-0 (62) Fedoseev,V (2687)-Mamedov,R (2654) Europe Echecs INT 2021}) 13... f5 14. exf5 gxf5 15. f4 exf4 16. Bxf4 Ne5 17. Qd2 Bd7 18. Nb5 Bxb5 19. cxb5 a4 20. Rac1 a3 {[%emt 0:01:40] [#] aiming for ...axb2.} 21. b3 Ng6 22. Bg5 {[%emt 0:02:25] This pair of bishops is nice.} Qd7 23. Qc2 Rf7 24. Bh5 ({White should play} 24. Kh1 $14) 24... Qxb5 25. Rxf5 Qc5+ 26. Qxc5 dxc5 27. Rxf7 Kxf7 28. Rf1+ (28. Rxc5 $2 {too greedy.} Bd4+ 29. Kf1 Bxc5 $19) 28... Kg8 29. Bg4 Bd4+ 30. Kh1 Rf8 31. Be6+ Kg7 32. Rxf8 Kxf8 $11 {[%emt 0:00:30][%mdl 4096] Endgame KBB-KBN} 33. g4 b5 34. Bf5 Kg7 35. Kg2 $2 {[%emt 0:00:09][%mdl 8192] [#]} (35. Be4 $11) 35... Ne5 $2 (35... h6 $19 36. Bxg6 Kxg6) 36. Bf4 b4 37. Bc2 h6 38. Kg3 c4 $1 {[%emt 0:00:13] The position is equal.} 39. Bxe5+ Bxe5+ 40. Kf3 cxb3 41. Bxb3 Kf6 42. h4 Bd6 {[%emt 0:00:11] Weighted Error Value: White=0.32/Black=0.25 (precise)} 1/2-1/2

[Event "4th Tata Steel India Rapid Women 2022"]
[Site "Kolkota"]
[Date "2022.12.01"]
[Round "9.1"]
[White "Vantika Agrawal"]
[Black "Muzychuk, Anna"]
[Result "1-0"]
[ECO "D11"]
[WhiteElo "2362"]
[BlackElo "2525"]
[Annotator "TA"]
[PlyCount "83"]
[EventDate "2022.11.29"]
[EventType "tourn"]
[EventCountry "IND"]
[SourceTitle "playchess.com"]
[Source "ChessBase"]
[SourceQuality "1"]
[TimeControl "900+10"]

1. d4 d5 2. c4 c6 3. Nf3 Nf6 4. e3 Bg4 5. h3 Bh5 6. g4 {[%emt 0:00:28] D11: Slav Defence: 3 Nf3 sidelines and 3...Nf6 4 e3 Bg4.} Bg6 7. Ne5 Nbd7 8. Nxg6 {[%emt 0:01:50] The position is equal.} hxg6 9. Qb3 {[%emt 0:01:11] 9.Qb3 has lost popularity.} Qb6 10. Bg2 (10. g5 $5 Ne4 11. cxd5 $14) 10... e6 11. Nc3 Be7 12. g5 Nh5 13. h4 {[%emt 0:01:35] [#]} (13. cxd5 {simplifies} exd5 14. h4 Qc7 15. Bd2) 13... Qb4 $146 ({Predecessor:} 13... Qxb3 14. axb3 a6 15. Bd2 f5 16. gxf6 gxf6 17. cxd5 exd5 18. e4 dxe4 19. Bxe4 f5 {1-0 (49) Kunin,V (2561)-Hilverda,A (2385) Saarbruecken 2015}) 14. c5 Qxb3 15. axb3 a6 16. b4 Rd8 17. e4 dxe4 18. Bxe4 Nf8 19. Ne2 Rd7 20. Be3 Bd8 21. O-O-O Bc7 22. Kc2 Rd8 23. Ra1 {[%emt 0:02:01][%cal Ob4b5] Strongly threatening b5!} f5 24. Bf3 {[%emt 0:00:29][%cal Ob4b5] Black must now prevent b5!} e5 {[%emt 0:00:19] Prevents b5.} 25. dxe5 {[%emt 0:00:44][%cal Ob4b5] Threatens to win with b5! White is more active.} Bxe5 {[%emt 0:00:22] [#]} 26. b5 $1 axb5 27. Ra7 Rd7 {[%emt 0:00:05] [#]} 28. Rd1 $1 {[%emt 0:00:41][%cal Bh1d1,Bd1d8,Bd8c8][%mdl 1056] White has strong compensation.} Re7 (28... Rxd1 {keeps fighting.} 29. Kxd1 Ne6) 29. Ra8+ $18 Kf7 30. Rdd8 Bc7 31. Rdc8 f4 $2 (31... Be5 32. Kb1 Rd7) 32. Bd4 {[%emt 0:00:13] White is clearly winning.} Rg8 33. Kd3 Rd7 34. Bxh5 gxh5 35. g6+ {[%emt 0:00:01][%mdl 64] Deflection} Kxg6 36. Rxf8 Rxf8 37. Rxf8 Kh6 (37... Kh7 $142 38. Nxf4 Bd8) 38. Nxf4 Kh7 {[%emt 0:00:12] Inhibits Rh8+.} 39. Ne6 {[%emt 0:00:22] aiming for f4.} ({Weaker is} 39. Nxh5 Be5 $16) 39... Be5 40. Rd8 Rxd8 41. Nxd8 Bc7 42. Ne6 {[%emt 0:00:11] Weighted Error Value: White=0.07 (flawless) /Black=0.32} 1-0

[Event "4th Tata Steel India Rapid Women 2022"]
[Site "Kolkota"]
[Date "2022.12.01"]
[Round "9.2"]
[White "Harika, Dronavalli"]
[Black "Savitha Shri B"]
[Result "1-0"]
[ECO "E04"]
[WhiteElo "2507"]
[BlackElo "2411"]
[Annotator "TA"]
[PlyCount "60"]
[EventDate "2022.11.29"]
[EventType "tourn"]
[EventCountry "IND"]
[SourceTitle "playchess.com"]
[Source "ChessBase"]
[SourceQuality "1"]
[TimeControl "900+10"]

1. Nf3 Nf6 2. g3 c5 3. Bg2 d5 4. O-O Nc6 5. d4 e6 6. c4 dxc4 7. dxc5 Qxd1 8. Rxd1 Bxc5 9. Nbd2 c3 10. bxc3 O-O 11. Nb3 Be7 {[%emt 0:01:32] E04: Open Catalan: 5 Nf3.} 12. c4 Nd7 {[%emt 0:04:55] [#]} 13. Bb2 $146 ({Predecessor:} 13. Be3 Ba3 14. Nfd4 Nxd4 15. Bxd4 a5 16. Rab1 Ra6 17. Rd3 Bb4 18. f4 Rd6 19. c5 {0-1 (36) Trois,F (2218)-Cunha,L (2287) Florianopolis 2017}) 13... Nb6 {[%emt 0:00:29] The position is equal.} 14. Rac1 a5 (14... Rd8 $11) 15. Nfd4 {[%emt 0:03:01] White is more active.} Bd7 16. c5 {[%emt 0:02:45] Prevents a4.} Na4 ({Black should play} 16... Nd5 $14) 17. Ba1 $18 {[%emt 0:01:11][%cal Od4f5] And now Nf5! would win.} Rfd8 {[%emt 0:01:15] [#]} 18. Nxc6 $1 Bxc6 19. Rxd8+ Rxd8 20. Bxc6 bxc6 21. Kg2 {[%emt 0:00:22] Hoping for Rc4.} ({Resist} 21. Nxa5 Ra8 22. Nxc6 Bxc5 $16) 21... Bf6 {[%emt 0:00:54] Loses the game.} (21... Rb8 $16 {keeps fighting.}) 22. Bxf6 ({Much less strong is} 22. Nxa5 $6 Bxa1 23. Rxa1 Nxc5 $16) 22... gxf6 23. Nxa5 {[%emt 0:00:01][%mdl 4096] Endgame KRN-KRN} Rd2 24. Nxc6 Rxa2 25. Nd4 Kf8 26. c6 Nb6 27. Rb1 Nd5 28. e4 Ne7 $2 (28... Nc7 29. Rb7 Ra4) 29. Rb8+ Kg7 30. c7 {[%emt 0:00:05] [#] Black must now prevent Re8.} Rd2 {[%emt 0:00:31] Weighted Error Value: White=0.10 (very precise) /Black=0.48} 1-0

[Event "4th Tata Steel India Rapid Women 2022"]
[Site "Kolkota"]
[Date "2022.12.01"]
[Round "9.3"]
[White "Kiolbasa, Oliwia"]
[Black "Koneru, Humpy"]
[Result "1-0"]
[ECO "C80"]
[WhiteElo "2406"]
[BlackElo "2574"]
[Annotator "TA"]
[PlyCount "105"]
[EventDate "2022.11.29"]
[EventType "tourn"]
[EventCountry "IND"]
[SourceTitle "playchess.com"]
[Source "ChessBase"]
[SourceQuality "1"]
[TimeControl "900+10"]

1. e4 e5 2. Nf3 Nc6 3. Bb5 a6 4. Ba4 Nf6 5. O-O Nxe4 6. d4 b5 7. Bb3 d5 8. Nxe5 Nxe5 9. dxe5 c6 10. Be3 Be7 11. c3 {[%emt 0:00:25] C80: Open Ruy Lopez: Sidelines and 9 Nbd2.} O-O 12. Bc2 f5 13. f3 {[%emt 0:00:10] [#] Prevents f4. The position is equal.} (13. exf6 {simplifies} Nxf6 14. h3 Be6 15. Bd4) 13... f4 $146 ({Predecessor:} 13... Ng5 14. a4 f4 15. Bf2 Bf5 16. Nd2 Qd7 17. Nb3 Ne6 18. Bxf5 Rxf5 19. axb5 cxb5 20. Re1 Rff8 21. Qd2 Rfd8 22. Nd4 Bg5 23. h4 Bh6 24. Nf5 Kh8 25. Rad1 {1-0 (25) Ciocaltea,V-Scholl,E Wijk aan Zee 1969}) 14. Bd4 Ng5 15. Nd2 c5 16. Bf2 Bf5 (16... c4 $1 $15) 17. Nb3 $11 Ne6 18. Re1 Qd7 19. Qd2 Rad8 20. a4 bxa4 21. Nc1 Bxc2 22. Qxc2 d4 {[%emt 0:00:10] [#] Threatens to win with ...d3.} 23. cxd4 Nxd4 24. Qc4+ Qd5 25. Qxa4 Ne6 (25... Rf5 $11) 26. Ne2 $16 ({But not} 26. Qxa6 $6 Ra8 27. Qd3 Qxd3 28. Nxd3 c4 29. Rxa8 Rxa8 $11) 26... c4 {[%emt 0:00:03] A mistake that costs the game.} (26... Rb8 $16 {keeps fighting.}) 27. Nc3 $18 ({Don't take} 27. Qxa6 $6 Bc5 28. Nc3 Bxf2+ 29. Kxf2 Qd4+ 30. Kf1 Nc5 $14) 27... Qd7 28. Qxc4 ({Don't play} 28. Qxa6 $6 Qc8 29. Ne4 Rd5) 28... Rc8 29. Qxa6 Bc5 30. Bxc5 Nxc5 31. Qc4+ Kh8 $2 (31... Ne6 32. Qe4 Qd2) 32. e6 Qb7 33. Qb5 Qe7 34. Nd5 Qd6 35. e7 Rfe8 36. Rad1 {[%emt 0:00:22] Strongly threatening Nb6.} Rb8 {[%emt 0:00:08] [#] Against Nb6} 37. Qe2 (37. Nb6 $142 $1 Nd3 38. Rxd3) 37... Rb7 (37... Nd7 $142 38. Qe6 Qxe6 39. Rxe6 Nf6) 38. b4 Nd7 39. Qe4 Ra7 40. Nxf4 Qb6+ 41. Qd4 Kg8 42. Qxb6 Nxb6 43. Rd6 Nc8 44. Rd8 Kf7 45. Rxe8 Kxe8 {[%emt 0:00:02][%mdl 4096] Endgame KRN-KRN} 46. Nd5 Rd7 {[%emt 0:00:19] Against b5} 47. Re5 Nd6 48. Kf2 h6 (48... Nf7 {was called for.}) 49. Nf4 Nc4 50. Re2 g5 $2 (50... Rxe7 51. Nh5 Rxe2+ 52. Kxe2 g6 53. Nf6+ Kf7) 51. Nh5 {[%emt 0:00:16] White wants to mate with Ng7+. White is clearly winning.} Rxe7 52. Ng7+ Kf7 53. Rxe7+ {[%emt 0:00:01] Weighted Error Value: White=0.54/Black=0.44} 1-0

[Event "4th Tata Steel India Rapid Women 2022"]
[Site "Kolkota"]
[Date "2022.12.01"]
[Round "9.4"]
[White "Ushenina, Anna"]
[Black "Vaishali, Rameshbabu"]
[Result "1/2-1/2"]
[ECO "D85"]
[WhiteElo "2454"]
[BlackElo "2454"]
[Annotator "TA"]
[PlyCount "30"]
[EventDate "2022.11.29"]
[EventType "tourn"]
[EventCountry "IND"]
[SourceTitle "playchess.com"]
[Source "ChessBase"]
[SourceQuality "1"]
[TimeControl "900+10"]

1. d4 Nf6 2. c4 g6 3. Nc3 d5 4. cxd5 Nxd5 5. Bd2 c5 6. dxc5 {[%emt 0:00:04] D85: Exchange Grünfeld: Unusual White 7th moves and lines with 7 Nf3.} Bg7 7. Qc1 Nc6 {[%emt 0:00:11] [#]} 8. e4 $146 ({Predecessor:} 8. Nf3 O-O 9. g3 Bf5 10. Bg2 Rc8 11. O-O b6 12. Rd1 Nxc3 13. Bxc3 Qc7 14. Bxg7 Kxg7 {1-0 (45) Manolache,M (2485)-Chen,Q (2485) Chess.com INT 2022}) 8... Ndb4 9. a3 Nd3+ 10. Bxd3 Qxd3 11. Nge2 Nd4 {[%emt 0:07:07] [#] White must now prevent ...Nc2+.} 12. Nxd4 {[%emt 0:04:55] White is slightly better.} Bxd4 13. Be3 Bxc3+ 14. Qxc3 Qxc3+ 15. bxc3 Bd7 {[%emt 0:00:06] Weighted Error Value: White=0.05 (flawless) /Black=0.12 (very precise)} 1/2-1/2

[Event "4th Tata Steel India Rapid Women 2022"]
[Site "Kolkota"]
[Date "2022.12.01"]
[Round "9.5"]
[White "Dzagnidze, Nana"]
[Black "Muzychuk, Mariya"]
[Result "1/2-1/2"]
[ECO "D14"]
[WhiteElo "2517"]
[BlackElo "2528"]
[Annotator "TA"]
[PlyCount "82"]
[EventDate "2022.11.29"]
[EventType "tourn"]
[EventCountry "IND"]
[SourceTitle "playchess.com"]
[Source "ChessBase"]
[SourceQuality "1"]
[TimeControl "900+10"]

1. Nf3 d5 2. c4 c6 3. d4 Nf6 4. cxd5 cxd5 5. Nc3 Nc6 6. Bf4 Bf5 7. Qb3 Na5 8. Qa4+ Bd7 9. Qc2 e6 {[%emt 0:00:07] D14: Slav Defence: Exchange variation with ...Bf5.} 10. e3 Rc8 11. Bd3 Bb4 {[%emt 0:00:02][%cal Of6e4] seems to push 11...Be7 aside.} 12. O-O Nh5 13. Be5 ({Of course not} 13. Bxh7 Nxf4 14. exf4 Qf6 $15) 13... f6 14. Bg3 Nxg3 15. hxg3 Nc4 16. a3 Bxc3 17. bxc3 {[%emt 0:00:02] [#]} Kf7 $146 ({Predecessor:} 17... Nd6 18. a4 g6 19. Nd2 O-O 20. Rfc1 Qe7 21. Qb3 Rc7 22. Qa3 Rfc8 23. c4 dxc4 24. Rxc4 {½-½ (66) Nakamura,H (2736)-Caruana,F (2835) chess24.com INT 2020}) 18. Rfe1 (18. Bxh7 $2 {loses.} f5 19. Bxf5 exf5 20. Ne5+ Kg8 $19) 18... g6 19. g4 Nd6 20. g5 fxg5 21. e4 Kg7 22. exd5 exd5 23. Re5 (23. Ne5 {simplifies} Bf5 24. Bxf5 gxf5 25. Nd3) 23... g4 24. Ng5 {[%emt 0:00:06] [#]} (24. Nh2 $1 $11) 24... Qf6 (24... Re8 $1 $17 {...Qf6 is the strong threat.} 25. Qb3 Rxe5 26. dxe5 Qxg5 27. exd6 Qe5 28. Qxb7 Qxd6 29. Qxa7 Rxc3) 25. Rxd5 $11 {[%emt 0:00:40] The position is equal.} Rhe8 {[%emt 0:00:27] Strongly threatening ...Bc6.} (25... Bc6 $5 26. Re5 $8 Rhe8 $11) 26. Ne4 Rxe4 27. Bxe4 {[%emt 0:00:19] Hoping for Re5.} Bc6 {[%emt 0:00:25] Threatens to win with ...Nxe4.} 28. Rxd6 Qxd6 29. Bxc6 Qxc6 {[%emt 0:02:00][%mdl 4096] Endgame KQR-KQR} 30. Rc1 b5 31. Qd3 a6 32. d5 Qc4 (32... Qc5 {keeps more tension.} 33. d6 Rf8 34. Rf1 Qf5) 33. Qd2 Rc5 34. d6 Rd5 {[%emt 0:00:39] Against d7} 35. Qe3 (35. Qe1 {simplifies} Qf4 36. Rd1 Qxd6 37. Rxd5 Qxd5 38. Qe7+) 35... Qd3 {[%emt 0:00:10] [#] White must now prevent ...Qxe3.} 36. Qe7+ Kh6 37. Qh4+ Rh5 38. Qe7 Rd5 39. Qh4+ Rh5 40. Qf6 Rf5 41. Qh4+ Rh5 {[%emt 0:00:02] Weighted Error Value: White=0.04 (flawless) /Black=0.06 (flawless)} 1/2-1/2

[Event "4th Tata Steel India Rapid Women 2022"]
[Site "Kolkota"]
[Date "2022.12.01"]
[Round "10.1"]
[White "Dzagnidze, Nana"]
[Black "Ushenina, Anna"]
[Result "0-1"]
[ECO "D53"]
[WhiteElo "2517"]
[BlackElo "2454"]
[Annotator "TA"]
[PlyCount "74"]
[EventDate "2022.11.29"]
[EventType "tourn"]
[EventCountry "IND"]
[SourceTitle "playchess.com"]
[Source "ChessBase"]
[SourceQuality "1"]
[TimeControl "180+2"]

1. c4 e6 2. Nf3 d5 3. d4 Nf6 4. Nc3 Be7 5. Bg5 h6 6. Bh4 dxc4 7. e3 {[%emt 0:00:00] D53: Queen's Gambit Declined: 4 Bg5 Be7: Early deviations.} c5 8. dxc5 Qxd1+ 9. Rxd1 {[%emt 0:00:00] The position is equal.} Nbd7 10. Bxc4 Nxc5 11. Ne5 {[%emt 0:00:03] [#]} g5 $146 ({Predecessor:} 11... a6 12. Be2 Nfd7 13. Bxe7 Kxe7 14. Nc4 b6 15. Bf3 Ra7 16. b4 Nb7 17. a4 a5 {0-1 (59) Heberla,B (2562)-Svane,R (2637) Warsaw 2021}) 12. Bg3 a6 13. Be2 Nfe4 14. Nxe4 Nxe4 15. Bf3 Nxg3 16. hxg3 Rb8 17. Ke2 Bf6 18. Nc4 Bd7 19. b3 Bb5 20. a4 Bxc4+ 21. bxc4 Ke7 22. Rd3 Rhc8 23. Rhd1 (23. Rc1 $1 $11 {keeps the balance.}) 23... Rxc4 $17 24. Rd7+ Kf8 25. a5 Rc5 26. Rxb7 Rxb7 27. Bxb7 Rxa5 $15 {[%emt 0:00:00][%mdl 4096] Endgame KRB-KRB} 28. Rd7 Ra2+ 29. Kf1 (29. Rd2 $142 Ra4 30. Bc8) 29... a5 $17 30. Bf3 $2 {[%emt 0:00:01] This move loses the game for White.} (30. Ba6 $17 {is a better defense.}) 30... a4 $19 {[%emt 0:00:03] [#] aiming for ...a3.} 31. Ra7 a3 {[%emt 0:00:04] White must now prevent ...Be7.} 32. Bh5 $2 (32. Ra8+ Kg7 33. Ra7) 32... Be7 {[%emt 0:00:00] Black is clearly winning.} 33. Ra8+ Kg7 34. Ra7 Kf6 35. Ke1 Rb2 36. Bd1 a2 37. Ra4 Bb4+ {[%emt 0:00:07] Weighted Error Value: White=0.32/Black=0.08 (flawless)} 0-1

[Event "4th Tata Steel India Rapid Women 2022"]
[Site "Kolkota"]
[Date "2022.12.01"]
[Round "11.1"]
[White "Ushenina, Anna"]
[Black "Dzagnidze, Nana"]
[Result "1-0"]
[ECO "E52"]
[WhiteElo "2454"]
[BlackElo "2517"]
[Annotator "TA"]
[PlyCount "41"]
[EventDate "2022.11.29"]
[EventType "tourn"]
[EventCountry "IND"]
[SourceTitle "playchess.com"]
[Source "ChessBase"]
[SourceQuality "1"]
[TimeControl "180+2"]

1. d4 Nf6 2. c4 e6 3. Nc3 Bb4 4. e3 O-O 5. Bd2 d5 6. Nf3 b6 7. cxd5 exd5 8. Bd3 Bb7 9. O-O a6 10. Ne5 {[%emt 0:00:00] E52: Nimzo-Indian: Rubinstein: 4...0-0 5 Nf3 d5 6 Bd3 b6.} Bd6 11. f4 c5 12. Rc1 {[%emt 0:00:00] White is slightly better.} Nc6 13. Ng4 $1 {[%emt 0:00:13] next Nxf6+ is good for White. The main line 13.Ng4 scores better than 13.Be1.} Nxg4 (13... Be7 {simplifies} 14. dxc5 bxc5 15. b3 c4) 14. Qxg4 cxd4 (14... c4 $11 15. Bb1 Nb4) 15. Nxd5 $16 {[%emt 0:00:18] [#]} Bc5 $146 ({Predecessor:} 15... dxe3 16. Bc3 Be5 17. fxe5 Qxd5 18. Be4 Qe6 19. Qh4 h6 20. Rf6 Qe7 21. Rxh6 Qxh4 {1-0 (32) Bluebaum,M (2673)-Tregubov,P (2543) Chess.com INT 2022}) 16. Qh3 $40 {[%emt 0:00:50][%csl Gd3][%cal Rh3h7][%mdl 128] [#] White has strong attack. White has more active pieces. The black rooks are badly placed.} g6 $2 (16... f5 $16 {keeps fighting.}) 17. e4 $18 a5 $2 (17... Kh8 {was called for.} 18. b4 Bd6) 18. Qh6 $2 (18. f5 $18 {has better winning chances.} Kh8 19. Qh6) 18... Re8 $2 {[%emt 0:00:18][%mdl 8192] [#]} (18... f5 $16) 19. Rxc5 $1 {[%emt 0:00:24][%cal Of4f5][%mdl 512] Hoping for f5! White is clearly winning.} bxc5 (19... Re6 20. Rcc1) 20. f5 {[%emt 0:00:23] Threatening mate with f6.} Re5 21. Bg5 {[%emt 0:00:11] Black got outplayed after the opening.   Weighted Error Value: White=0.72/Black=0.68} 1-0